 Dungeon Crawl Stone Soup version 0.28.0 (webtiles) character file.

Game seed: 6079933719835558919

8863 Daunt the Basher (level 11, -1/133 HPs)
             Began as a Gnoll Cinder Acolyte on Feb 8, 2022.
             Was a High Priest of Ignis.
             Slain by Erica (2 damage)
             ... on level 10 of the Dungeon on Feb 9, 2022.
             The game lasted 00:54:50 (11745 turns).

Daunt the Basher (Gnoll Cinder Acolyte)            Turns: 11745, Time: 00:54:50

Health: -1/133     AC: 25    Str: 14    XL:     11   Next: 37%
Magic:  21/21      EV:  2    Int: 14    God:    Ignis [*****.]
Gold:   261        SH:  0    Dex:  8    Spells: 21/23 levels left

rFire   + . .      SeeInvis .   a - +2 dire flail (vorpal)
rCold   . . .      Faith    +   (shield currently unavailable)
rNeg    + + +      Spirit   .   (armour currently unavailable)
rPois   +          Reflect  .   (helmet currently unavailable)
rElec   .          Harm     .   (cloak currently unavailable)
rCorr   .          Rampage  .   (gloves currently unavailable)
Will    .....      NoTele   +   (boots currently unavailable)
Stlth   +++.......              I - amulet "Nitig" {Faith +Inv rN++ Regen+ Str-3}
HPRegen 1.12/turn               C - ring of positive energy
MPRegen 0.17/turn               W - +4 ring of slaying

@: lethally poisoned (-1 -> -6), tree-form, slowed, very slow
A: stationary, stasis, torment immunity, boosted hp, (fangs 1), strong nose,
distributed training
a: Renounce Religion, Evoke Invisibility, Fiery Armour, Foxfire Swarm


You were on level 10 of the Dungeon.
You worshipped Ignis.
Ignis was extremely pleased with you.
You were a tree.
You visited 1 branch of the dungeon, and saw 10 of its levels.
You also visited: Sewer.

You collected 622 gold pieces.
You spent 361 gold pieces at shops.

Inventory:

Hand Weapons
 a - a +2 vorpal dire flail (weapon)
 b - a +0 hunting sling of freezing
 M - a +2 vorpal broad axe
 R - a +3 flail of holy wrath
 V - a +5 short sword of freezing
 X - a +4 trident of flaming
Missiles
 c - 12 poisoned darts (quivered)
 h - 174 arrows
 k - a boomerang of dispersal
 m - 312 stones
 p - 12 boomerangs
 y - 71 bolts
 F - 18 sling bullets
 Q - 4 throwing nets
Armour
 e - a +0 pair of gloves (melded)
 o - an orb of mayhem
 G - a +0 helmet (melded)
 H - a +0 pair of boots (melded)
 P - the +0 chain mail of Luevex {Fly rC+ Int-5}
   (You bought it in a shop on level 2 of the Dungeon)

   Int:       It affects your intelligence (-5).
   rC:        It protects you from cold.
   Fly:       It grants you flight.
 T - +0 acid dragon scales (melded)
 U - a +1 leather armour of willpower
Jewellery
 C - a ring of positive energy (left branch)
 I - the amulet "Nitig" (around neck) {Faith +Inv rN++ Regen+ Str-3}
   (You found it on level 5 of the Dungeon)

   [amulet of faith]

   It allows you to gain divine favour quickly.
   Str:       It affects your strength (-3).
   rN:        It greatly protects you from negative energy.
   +Inv:      It lets you turn invisible.
   Regen:     It increases your rate of health regeneration.
 W - a +4 ring of slaying (right branch)
 Z - a ring of ice
Wands
 d - a wand of polymorph (9)
 w - a wand of digging (4)
 B - a wand of flame (16)
 E - a wand of mindburst (7)
Scrolls
 f - 3 scrolls of summoning {unknown}
 g - a scroll of blinking {unknown}
 i - 4 scrolls of identify
 j - a scroll of amnesia {unknown}
 l - 2 scrolls of noise {unknown}
 n - 5 scrolls of teleportation
 u - 4 scrolls of fog {unknown}
 A - 2 scrolls of enchant armour {unknown}
 L - 2 scrolls of torment {unknown}
 N - a scroll of immolation {unknown}
 O - a scroll of holy word {unknown}
 S - a scroll of magic mapping {unknown}
 Y - 2 scrolls of vulnerability {unknown}
Potions
 q - 2 potions of lignification
 r - 2 potions of mutation {unknown}
 s - a potion of curing {unknown}
 t - 5 potions of flight
 v - 2 potions of cancellation {unknown}
 x - 2 potions of attraction {unknown}
 z - a potion of resistance {unknown}
 D - 3 potions of might {unknown}
 J - 2 potions of brilliance {unknown}


   Skills:
 + Level 9.1 Fighting
 + Level 6.2 Short Blades
 + Level 6.2 Long Blades
 + Level 6.2 Axes
 + Level 9.1 Maces & Flails
 + Level 6.2 Polearms
 + Level 6.2 Staves
 + Level 6.2 Slings
 + Level 6.2 Bows
 + Level 6.2 Crossbows
 + Level 6.2 Throwing
 + Level 6.2 Armour
 + Level 6.2 Dodging
 + Level 6.2 Stealth
 + Level 6.2 Shields
 + Level 6.2 Unarmed Combat
 + Level 6.9 Spellcasting
 + Level 5.1 Conjurations
 + Level 5.1 Hexes
 + Level 5.1 Summonings
 + Level 5.1 Necromancy
 + Level 5.1 Translocations
 + Level 5.1 Transmutations
 + Level 7.6 Fire Magic
 + Level 5.1 Ice Magic
 + Level 5.1 Air Magic
 + Level 5.1 Earth Magic
 + Level 5.1 Poison Magic
 + Level 6.8 Invocations
 + Level 6.2 Evocations


You had 21 spell levels left.
You knew the following spells:

 Your Spells              Type           Power      Damage    Failure   Level
a - Scorch                Fire           52%        2d8       1%          2

Your spell library contained the following spells:

 Spells                   Type           Power      Damage    Failure   Level
 Call Canine Familiar     Summ           19%        N/A       5%          3
 Portal Projectile        Hex/Tloc       38%        N/A       5%          3
 Animate Armour           Summ/Erth      38%        N/A       17%         4
 Leda's Liquefaction      Hex/Erth       9%         N/A       17%         4
 Blade Hands              Tmut           9%         N/A       43%         5
 Iron Shot                Conj/Erth      9%         9d3       95%         6


Dungeon Overview and Level Annotations

Branches:
Dungeon (10/15)            Temple (0/1) D:6           Sewer (visited)
   Lair: D:8-11         Orc: D:9-12

Altars:
Dithmenos
Wu Jian
Beogh

Shops:
D:2 *=*[   D:8 *

Annotations:
D:8 3 runed translucent doors, Joseph; Psyche; tizbic2's ghost, novice HOGl
D:9 exclusion: two-headed ogre
D:10 Erica


Innate Abilities, Weirdness & Mutations

You are a tree.
Your roots penetrate the ground, keeping you stationary.
You cannot be teleported.
You are immune to unholy pain and torment.
Your maximum health is greatly increased.
Your equipment is partially melded.
((You have very sharp teeth.))
Your uncanny sense of smell can sniff out nearby items.
Your experience applies equally to all skills.


Message History

* * * LOW HITPOINT WARNING * * *
Unknown command.
Unknown command.
Unknown command.
Something hits you!
* * * LOW HITPOINT WARNING * * *
Something burns you.
* * * LOW HITPOINT WARNING * * *
You hear some strange, mumbled words.
You feel as though you will be slow longer.
Unknown command.
As you read the scroll labelled ZYMUESYWAD, it crumbles to dust.
It is a scroll of identify.
n - 6 scrolls of teleportation;
i - 4 scrolls of identify
j - a scroll labelled YROIPP KUAS You hear some strange, mumbled words.
Something tries to affect you, but you resist.
As you read the scroll of teleportation, it crumbles to dust.
You feel strangely unstable.
You hear some strange, mumbled words.
A bolt of poison appears from out of thin air!
The bolt of poison hits you!
You are poisoned.
* * * LOW HITPOINT WARNING * * *
Something hits you but does no damage.
Unknown command.
Unknown command.
Unknown command.
Okay, then.
Unknown command.
It was a potion of lignification.
You turn into a tree.
Your +0 helmet melds into your body.
Your +0 pair of gloves melds into your body.
Your +0 pair of boots melds into your body.
Your +0 acid dragon scales melds into your body.
Your roots penetrate the ground.
You feel strangely stable.
* * * LOW HITPOINT WARNING * * *
You feel very sick. Something hits you.
You die...

..Y.....<......#...#
#
........##.....#...#
# #.##.....#...# #
#†##.........# #
#.####.......# #
#..# #....#'## #
##.########.# # ∆
#.{...# #.# ##.♣..#
#.# #....# #.#
##...# #.#######
#..## #.##....#
####.#####.##....#
#........#.##....#
#........#.##....###
#....[...#.##.....†.
#........#.##.......


There were no monsters in sight!

Vanquished Creatures
  Harold (D:7)
  An ugly thing (D:8)
  Maggie (D:7)
  A troll (D:10)
  5 slime creatures
  5 yaks (D:10)
  4 vampire mosquitoes (D:9)
  A wyvern (D:8)
  Edmund (D:4)
  3 water moccasins
  Duvessa (D:4)
  An acid dragon (D:10)
  7 orc warriors
  2 ice beasts
  A necrophage (D:5)
  Pargi (Sewer)
  3 sky beasts (D:7)
  6 ogres
  3 centaurs
  4 phantoms
  A gnoll sergeant (D:8)
  2 scorpions
  Dowan (D:4)
  3 killer bees (D:7)
  17 wights
  2 howler monkeys (D:9)
  4 centaur zombies
  6 orc priests
  2 hounds
  A bullfrog skeleton (D:6)
  3 iguanas
  3 orc wizards
  Natasha (twice) (D:4)
  2 howler monkey zombies
  11 gnolls
  3 adders
  A howler monkey skeleton (D:5)
  A shadow imp (D:8)
  2 white imps
  An ufetubus (D:6)
  3 worms
  3 dart slugs
  41 orcs
  4 ball pythons
  8 endoplasms
  4 giant cockroaches
  13 goblins
  13 hobgoblins
  13 jackals
  6 quokkas
  10 bats
  7 kobolds
  3 rats
248 creatures vanquished.

Notes
Turn   | Place    | Note
-------+----------+-------------------------------------------
     0 | D:1      | Daunt the Gnoll Cinder Acolyte began the quest for the Orb.
     0 | D:1      | Reached XP level 1. HP: 23/23 MP: 4/4
   267 | D:1      | Reached XP level 2. HP: 29/29 MP: 5/5
   275 | D:1      | Learned a level 2 spell: Scorch
   432 | D:1      | Reached XP level 3. HP: 29/35 MP: 7/7
   993 | D:1      | Reached skill level 1 in Invocations
  1055 | D:2      | Found Batsiudd's Assorted Antiques.
  1288 | D:2      | Reached skill level 1 in Short Blades
  1288 | D:2      | Reached skill level 1 in Long Blades
  1288 | D:2      | Reached skill level 1 in Axes
  1288 | D:2      | Reached skill level 1 in Polearms
  1288 | D:2      | Reached skill level 1 in Staves
  1288 | D:2      | Reached skill level 1 in Slings
  1288 | D:2      | Reached skill level 1 in Bows
  1288 | D:2      | Reached skill level 1 in Crossbows
  1288 | D:2      | Reached skill level 1 in Throwing
  1288 | D:2      | Reached skill level 1 in Armour
  1288 | D:2      | Reached skill level 1 in Dodging
  1288 | D:2      | Reached skill level 1 in Stealth
  1288 | D:2      | Reached skill level 1 in Shields
  1288 | D:2      | Reached skill level 1 in Unarmed Combat
  1288 | D:2      | Reached skill level 1 in Evocations
  1324 | D:2      | Found Zasufuf's Jewellery Shoppe.
  1414 | D:2      | Reached XP level 4. HP: 41/41 MP: 8/8
  1442 | D:2      | Reached skill level 1 in Conjurations
  1442 | D:2      | Reached skill level 1 in Hexes
  1442 | D:2      | Reached skill level 1 in Summonings
  1442 | D:2      | Reached skill level 1 in Necromancy
  1442 | D:2      | Reached skill level 1 in Translocations
  1442 | D:2      | Reached skill level 1 in Transmutations
  1442 | D:2      | Reached skill level 1 in Ice Magic
  1442 | D:2      | Reached skill level 1 in Air Magic
  1442 | D:2      | Reached skill level 1 in Earth Magic
  1442 | D:2      | Reached skill level 1 in Poison Magic
  1608 | D:2      | Reached XP level 5. HP: 37/47 MP: 5/9
  1741 | D:2      | Found Yclazoibb's General Store.
  1770 | D:2      | Found Azaqov's Antique Armour Shoppe.
  2191 | D:3      | Found a glowing drain.
  2267 | Sewer    | Entered a sewer
  2295 | Sewer    | Noticed Pargi
  2305 | Sewer    | Killed Pargi
  2306 | Sewer    | Reached XP level 6. HP: 53/53 MP: 3/11
  3114 | D:3      | Found a faded altar of an unknown god.
  3404 | D:4      | Noticed Duvessa
  3459 | D:4      | Noticed Edmund
  3605 | D:4      | Reached XP level 7. HP: 60/60 MP: 7/12
  3907 | D:4      | Noticed Natasha
  3913 | D:4      | Killed Natasha
  4174 | D:5      | Entered Level 5 of the Dungeon
  4432 | D:5      | Reached XP level 8. HP: 67/67 MP: 9/14
  4499 | D:5      | Identified the amulet "Nitig" {Faith +Inv rN++ Regen+
                  | Str-3}
  5419 | D:2      | Bought a scroll labelled ZYMUESYWAD for 28 gold pieces
  5419 | D:2      | Bought a sapphire potion for 25 gold pieces
  5419 | D:2      | Bought a scroll labelled ZYMUESYWAD for 28 gold pieces
  5419 | D:2      | Bought a scroll labelled HAKLUN CAS WEFOKIA for 28 gold
                  | pieces
  5419 | D:2      | Bought a scroll labelled JISAGGO UTYUKK for 28 gold pieces
  5419 | D:2      | Bought a bubbling blue potion for 25 gold pieces
  5563 | D:4      | Noticed Natasha
  6047 | D:6      | Found a staircase to the Ecumenical Temple.
  6209 | D:6      | Found an ornate altar of the Wu Jian Council.
  6423 | D:6      | Reached XP level 9. HP: 72/72 MP: 9/16
  6687 | D:6      | Found a shadowy altar of Dithmenos.
  7319 | D:7      | Reached skill level 5 in Spellcasting
  7555 | D:7      | Noticed Harold
  7565 | D:7      | Killed Harold
  7566 | D:7      | Reached skill level 5 in Invocations
  7597 | D:7      | Found a flagged portal.
  7607 | D:7      | Noticed Maggie
  7796 | D:7      | Reached XP level 10. HP: 43/80 MP: 1/18
  7905 | D:7      | Killed Maggie
  7906 | D:7      | Reached skill level 5 in Short Blades
  7906 | D:7      | Reached skill level 5 in Long Blades
  7906 | D:7      | Reached skill level 5 in Axes
  7906 | D:7      | Reached skill level 5 in Polearms
  7906 | D:7      | Reached skill level 5 in Staves
  7906 | D:7      | Reached skill level 5 in Slings
  7906 | D:7      | Reached skill level 5 in Bows
  7906 | D:7      | Reached skill level 5 in Crossbows
  7906 | D:7      | Reached skill level 5 in Throwing
  7906 | D:7      | Reached skill level 5 in Armour
  7906 | D:7      | Reached skill level 5 in Dodging
  7906 | D:7      | Reached skill level 5 in Stealth
  7906 | D:7      | Reached skill level 5 in Shields
  7906 | D:7      | Reached skill level 5 in Unarmed Combat
  7906 | D:7      | Reached skill level 5 in Evocations
  8514 | D:2      | Bought a scorched chain mail for 199 gold pieces
  8514 | D:2      | Identified the +0 chain mail of Luevex {Fly rC+ Int-5} (You
                  | bought it in a shop on level 2 of the Dungeon)
  8669 | D:4      | Killed Natasha
  8673 | D:4      | Noticed Dowan
  8682 | D:4      | Killed Edmund
  8687 | D:4      | Killed Dowan
  8727 | D:4      | Killed Duvessa
  9079 | D:8      | Found a runed translucent gate.
  9080 | D:8      | Found a runed translucent gate.
  9081 | D:8      | Found a runed translucent gate.
  9264 | D:8      | Noticed a red ugly thing
  9282 | D:8      | Killed a purple ugly thing
  9381 | D:8      | Found Kuzxacae's Lightly-Used Armoury.
  9759 | D:8      | Noticed tizbic2's ghost (novice HOGl)
  9812 | D:8      | Noticed Psyche
  9929 | D:8      | Noticed Joseph
 10238 | D:9      | Reached XP level 11. HP: 87/87 MP: 15/20
 10399 | D:9      | Noticed a two-headed ogre
 10913 | D:9      | Reached skill level 5 in Conjurations
 10913 | D:9      | Reached skill level 5 in Hexes
 10913 | D:9      | Reached skill level 5 in Summonings
 10913 | D:9      | Reached skill level 5 in Necromancy
 10913 | D:9      | Reached skill level 5 in Translocations
 10913 | D:9      | Reached skill level 5 in Transmutations
 10913 | D:9      | Reached skill level 5 in Ice Magic
 10913 | D:9      | Reached skill level 5 in Air Magic
 10913 | D:9      | Reached skill level 5 in Earth Magic
 10913 | D:9      | Reached skill level 5 in Poison Magic
 11449 | D:10     | Entered Level 10 of the Dungeon
 11712 | D:10     | Noticed Erica
 11744 | D:10     | HP: 3/89 [something/bolt of poison (13)]
 11745 | D:10     | HP: 1/133 [poisoned by Erica (bolt of poison)]
 11745 | D:10     | Slain by Erica

Illustrated notes

Levels and vault maps discovered:
D:1:      eino_arrival_water_star, layout_loops_ring,
          minmay_misc_feat_nine_boxes, minmay_nonomino_d4
D:2:      layout_basic, serial_shops, nicolae_shop_advertising_works
          [nicolae_subvault_shop_adworks], shop, shop,
          nicolae_shop_window_shopping
D:3:      layout_basic, portal_sewer_entry_f, hellmonk_ecumenical_altar_lost_god
D:4:      layout_basic, uniq_edmund, uniq_natasha, uniq_duvessa
D:5:      layout_basic
D:6:      layout_gridville, nicolae_overflow_hidden_temple,
          nicolae_dithmenos_the_darkroom, minmay_temple_entry_sparse_star,
          serial_rivers, chequers_serial_rivers_small_3,
          chequers_serial_rivers_micro_b, chequers_serial_rivers_small_a,
          chequers_serial_rivers_marsh, chequers_serial_rivers_micro_c,
          eino_small_chamber_without_monster
D:7:      layout_basic, enter_bailey_5, grunt_decor_arrowhead,
          nrook_pool_corridor, uniq_maggie, uniq_harold
D:8:      layout_gridville, special_room [special_room_orc],
          gammafunk_ghost_spectres, minmay_shop_damaged, uniq_psyche,
          uniq_joseph
D:9:      layout_basic
D:10:     layout_basic, david_lair_shrubbed, uniq_erica

Skill      XL: |  1  2  3  4  5  6  7  8  9 10 11 |
---------------+----------------------------------+-----
Invocations    | 1 2 3 4 5 6 |  6.8
Short Blades   | 1 2 3 4 5 6 |  6.2
Long Blades    | 1 2 3 4 5 6 |  6.2
Axes           | 1 2 3 4 5 6 |  6.2
Polearms       | 1 2 3 4 5 6 |  6.2
Staves         | 1 2 3 4 5 6 |  6.2
Slings         | 1 2 3 4 5 6 |  6.2
Bows           | 1 2 3 4 5 6 |  6.2
Crossbows      | 1 2 3 4 5 6 |  6.2
Throwing       | 1 2 3 4 5 6 |  6.2
Armour         | 1 2 3 4 5 6 |  6.2
Dodging        | 1 2 3 4 5 6 |  6.2
Stealth        | 1 2 3 4 5 6 |  6.2
Shields        | 1 2 3 4 5 6 |  6.2
Unarmed Combat | 1 2 3 4 5 6 |  6.2
Evocations     | 1 2 3 4 5 6 |  6.2
Spellcasting   | 3 4 5 6 |  6.9
Conjurations   | 1 2 3 4 5 |  5.1
Hexes          | 1 2 3 4 5 |  5.1
Summonings     | 1 2 3 4 5 |  5.1
Necromancy     | 1 2 3 4 5 |  5.1
Translocations | 1 2 3 4 5 |  5.1
Transmutations | 1 2 3 4 5 |  5.1
Ice Magic      | 1 2 3 4 5 |  5.1
Air Magic      | 1 2 3 4 5 |  5.1
Earth Magic    | 1 2 3 4 5 |  5.1
Poison Magic   | 1 2 3 4 5 |  5.1
Fighting       | 7 8 9 |  9.1
Maces & Flails | 7 8 9 |  9.1
Fire Magic     | 6 7 |  7.6

Action                   |  1- 3 |  4- 6 |  7- 9 | 10-12 || total
-------------------------+-------+-------+-------+-------++-------
Melee: Mace              |    63 |       |       |       ||    63
       Bite              |     8 |     4 |     8 |    33 ||    53
       Punch             |     2 |     1 |     1 |       ||     4
       Spear             |    37 |    75 |    89 |       ||   201
       Dire flail        |       |       |    13 |   220 ||   233
 Fire: Hunting sling     |       |     4 |    51 |     9 ||    64
Throw: Dart              |       |       |    11 |    10 ||    21
 Cast: Scorch            |     6 |    47 |   103 |    83 ||   239
Invok: Rising Flame      |       |       |     1 |       ||     1
Evoke: Wand              |       |       |    10 |    10 ||    20
  Use: Potion            |       |       |       |     5 ||     5
       Scroll            |       |       |       |     2 ||     2
 Stab: Sleeping          |     2 |     3 |       |     2 ||     7
       Distracted        |       |       |       |     1 ||     1
Armor: Robe              |    15 |     5 |    15 |       ||    35
       Scale mail        |       |       |    20 |     4 ||    24
       Acid dragon scale |       |       |       |    76 ||    76
Dodge: Dodged            |    50 |    26 |    71 |   127 ||   274
